 Dungeon Crawl Stone Soup version 0.22-a0-252-gcace5d2 (webtiles) character file.

176 KristoblXynda the Insei (level 5, -1/45 HPs)
             Began as a Draconian Monk on Mar 2, 2018.
             Slain by Pikel
             ... wielding a +2 whip of freezing
              (3 damage)
             ... on level 4 of the Dungeon.
             The game lasted 00:03:43 (1066 turns).

KristoblXynda the Insei (Draconian Monk)            Turns: 1066, Time: 00:03:44

Health: -1/45      AC:  5    Str: 13    XL:     5   Next: 30%
Magic:  5/5        EV: 14    Int: 11    God:
Gold:   94         SH:  0    Dex: 14    Spells: 4/4 levels left

rFire    . . .     SeeInvis .     - Unarmed
rCold    . . .     Gourm    .   (no shield)
rNeg     . . .     Faith    .   (armour unavailable)
rPois    .         Spirit   .   (helmet restricted)
rElec    .         Reflect  .   (no cloak)
rCorr    .         Harm     .   (no gloves)
MR       .....                  (no boots)
Stlth    ++........             (no amulet)
HPRegen  0.15/turn              (no ring)
MPRegen  0.09/turn              (no ring)

@: slowed, very slow
A: unfitting armour, cold-blooded, AC +5
a: no special abilities


You were on level 4 of the Dungeon.
You were not hungry.

You visited 1 branch of the dungeon, and saw 3 of its levels.

You collected 94 gold pieces.

Inventory:

Wands
 g - a wand of acid (3)
Scrolls
 d - a scroll of teleportation {unknown}
Potions
 b - a potion of flight {unknown}
 c - 2 potions of magic {unknown}
 e - a potion of brilliance {unknown}
 f - a potion of curing {unknown}
Comestibles
 a - 2 rations


   Skills:
 - Level 3.2 Fighting
 + Level 3.8 Dodging
 - Level 1.7 Stealth
 * Level 5.2 Unarmed Combat


You had 4 spell levels left.
You didn't know any spells.

Dungeon Overview and Level Annotations

Branches:
Dungeon (2/15)

Altars:

Annotations:
D:4 Pikel


Innate Abilities, Weirdness & Mutations

Your plain brown scales are hard. (AC +5)
You cannot fit into any form of body armour.
You are cold-blooded and may be slowed by cold attacks.


Message History

The slave misses you. The slave closely misses you. Pikel misses you.
You hit Pikel.
Pikel is almost dead.
The slave barely misses you. The slave closely misses you.
Pikel hits you with a whip of freezing. Pikel freezes you.
You barely miss Pikel.
Pikel is almost dead.
The slave hits you. The slave closely misses you. The slave misses you.
The slave hits you.
* * * LOW HITPOINT WARNING * * *
Evoke which item? (* to show all) (? for menu, Esc to quit)
Aiming: Corrosive Bolt
Press: ? - help, Shift-Dir - straight line The bolt of acid hits the slave.
The slave is splashed with acid.
The acid corrodes the slave!
The slave is almost dead.
Pikel hits you with a whip of freezing!
* * * LOW HITPOINT WARNING * * *
You feel yourself slow down. Pikel freezes you.
You die...

+......#
#......#.......
#......#.......
#......#.......
##+####......#.......
#............#.......
#............#.......
#...........p#.......
#..........@Kp[......
#...........p#.......
#............#.......
#............#.......
+......####+##.......
#......# .......
#......# .......
#......# .......
####+#......#


You could see Pikel and 3 slaves.

Vanquished Creatures
  A slave (D:4)
  A phantom (D:4)
  A howler monkey (D:4)
  A hound skeleton (D:4)
  2 dart slugs (D:1)
  A leopard gecko (D:1)
  9 bats (D:1)
  2 giant cockroaches (D:1)
  8 goblins (D:1)
  A hobgoblin (D:1)
  2 jackals
  2 frilled lizards (D:1)
  2 kobolds (D:1)
  3 rats (D:1)
36 creatures vanquished.

Notes
Turn   | Place    | Note
-------+----------+-------------------------------------------
     0 | D:1      | KristoblXynda the Draconian Monk began the quest for the Orb.
     0 | D:1      | Reached XP level 1. HP: 19/19 MP: 1/1
    29 | D:1      | Reached XP level 2. HP: 20/26 MP: 2/2
   413 | D:1      | Reached XP level 3. HP: 28/31 MP: 3/3
   680 | D:1      | Reached skill level 4 in Unarmed Combat
   879 | D:2      | You fall through a shaft for 2 floors!
   890 | D:4      | Noticed a phantom
   955 | D:4      | Killed a phantom
   955 | D:4      | Reached skill level 5 in Unarmed Combat
   955 | D:4      | Reached XP level 4. HP: 33/38 MP: 4/4
   955 | D:4      | Reached XP level 5. HP: 40/45 MP: 5/5
  1050 | D:4      | Noticed Pikel
  1050 | D:4      | Noticed a slave
  1050 | D:4      | Noticed a slave
  1050 | D:4      | Noticed a slave
  1050 | D:4      | Noticed a slave
  1060 | D:4      | Killed a slave
  1066 | D:4      | HP: 2/45 [Pikel/whip of freezing (10)]
  1066 | D:4      | Slain by Pikel

Vault maps used:
D:1:      matt_arrival_grand_opening, hangedman_abyss_or_decor_stabs,
          serial_bayou_lake_a
D:2:      chequers_ecumenical_altar_simple_redux
D:4:      uniq_pikel, uniq_robin

Skill      XL: |  1  2  3 |
---------------+----------+-----
Dodging        | 3 |  3.8
Unarmed Combat | 5 |  5.2
Fighting       | |  3.2
Stealth        | |  1.7

Action                   |  1- 3 |  4- 6 || total
-------------------------+-------+-------++-------
Melee: Unarmed           |   133 |    17 ||   150
       Tailslap          |     9 |     3 ||    12
       Punch             |     3 |       ||     3
Evoke: Wand              |       |     6 ||     6
 Stab: Sleeping          |     2 |       ||     2
  Eat: Chunk             |       |     1 ||     1
Armor: Skin              |    57 |     2 ||    59
Dodge: Dodged            |   130 |    19 ||   149

Table legend:
 A = Spawn XP
 B = Non-spawn XP
 C = Spawn XP percentage of total XP
 D = Spawn monster count
 E = Non-spawn monster count
 F = Spawn count percentage of total count
 G = Total turns spent on level
                    A         B        C        D         E        F      G
               +---------+---------+-------+---------+---------+-------+---------
         Total |       0 |     252 |   0.0 |       0 |      35 |   0.0 |  1066
               +---------+---------+-------+---------+---------+-------+---------
           D:1 |       0 |      54 |   0.0 |       0 |      31 |   0.0 |   864
           D:4 |       0 |     198 |   0.0 |       0 |       4 |   0.0 |   187
               +---------+---------+-------+---------+---------+-------+---------
